 Dungeon Crawl Stone Soup version 0.19-a0-944-gb338e1e (webtiles) character file.

1526956 FitzyFitz the Conqueror (level 27, 273/273 HPs)
             Began as a Centaur Monk on June 24, 2016.
             Was the Champion of Qazlal.
             Escaped with the Orb
             ... and 3 runes on July 8, 2016!
             The game lasted 06:57:09 (102016 turns).

FitzyFitz the Conqueror (Centaur Monk)            Turns: 102016, Time: 06:57:10

Health: 273/273    AC: 34    Str: 22    XL:     27
Magic:  31/31      EV: 12    Int:  5    God:    Qazlal [******]
Gold:   1863       SH:  8    Dex: 15    Spells: 6 memorised, 21 levels left

rFire  + + +     SeeInvis +     a - +9 executioner's axe (chop)
rCold  . . .     Gourm    .     X - +4 fire dragon armour
rNeg   . . .     Faith    .     (shield currently unavailable)
rPois  .         Spirit   .     p - +0 mask of the Dragon {MR+ Slay+3 SInv}
rElec  .         Dismiss  .     E - +2 cloak
rCorr  .         Reflect  .     A - +2 pair of gloves
SustAt .         Harm     .     T - +4 centaur barding {Fly}
MR     +++..     Rnd*Rage +     e - amulet of regeneration
Stlth  ..........               K - ring of protection from fire
                                y - ring of protection from cold

@: flying, repel missiles, very quick, extremely resistant to hostile
enchantments, extremely unstealthy
A: hooves 3, berserk 1, blurry vision 1, deformed body, dopey 2, speed 2, tough
skin 3, weak 1, subdued magic 1
a: Upheaval, Elemental Force, Disaster Area, Renounce Religion, Stop Flying
0: Orb of Zot
}: 3/15 runes: serpentine, barnacled, silver


You escaped.
You worshipped Qazlal.
Qazlal was exalted by your worship.
You were very hungry.

You visited 11 branches of the dungeon, and saw 53 of its levels.
You visited the Abyss 5 times.
You visited 1 bazaar.
You also visited: Labyrinth, Trove and Bailey.

You collected 10099 gold pieces.
You spent 8236 gold pieces at shops.

Inventory:

Hand Weapons
 a - a +9 executioner's axe of chopping (weapon)
 b - a +3 longbow of flaming
 d - the +0 longbow of Quarrel {speed, Str-3 SInv Stlth+}
   (You found it on level 1 of the Elven Halls)

   Attacks with this weapon are significantly faster.
   It affects your strength (-3).
   It lets you see invisible.
   It makes you more stealthy.
Missiles
 g - 11 throwing nets (quivered)
 j - 1022 arrows
Armour
 p - the +0 mask of the Dragon (worn) {MR+ Slay+3 SInv}
   (You found it on level 3 of the Elven Halls)

   It affects your accuracy and damage with ranged weapons and melee attacks
   (+3).
   It affects your resistance to hostile enchantments.
   It lets you see invisible.
 t - the +8 chain mail of the Duke {rC- rN+++ Str-2 Int+5}
   (You bought it in a shop on level 4 of the Vaults)

   It affects your strength (-2).
   It affects your intelligence (+5).
   It makes you vulnerable to cold.
   It renders you almost immune to negative energy.
 A - a +2 pair of gloves (worn)
 E - a +2 cloak (worn)
 T - a +4 centaur barding of flying (worn)
 X - a +4 fire dragon armour (worn)
Jewellery
 e - an amulet of regeneration (around neck)
 y - a ring of protection from cold (left hand)
 K - a ring of protection from fire (right hand)
 N - the ring of Setzoarr {EV+2 Dex+4 Stlth+}
   (You found it in a treasure trove)

   [ring of evasion]

   It affects your evasion (+2).
   It affects your dexterity (+4).
   It makes you more stealthy.
Wands
 h - a wand of disintegration (11/24)
 l - a wand of heal wounds (0/9)
 s - a wand of digging (11/24)
 G - a wand of digging (11/24)
 J - a wand of digging (9/24)
 O - a wand of digging (17/24)
 Q - a wand of heal wounds (3/9)
 U - a wand of teleportation (0/9)
 V - a wand of teleportation (6/9)
Scrolls
 m - 2 scrolls of silence
 r - a scroll of teleportation
 u - 5 scrolls of blinking
 z - 9 scrolls of fog
 H - 5 scrolls of identify
 I - 14 scrolls of remove curse
 P - a scroll of summoning
 R - 6 scrolls of magic mapping
 S - 5 scrolls of fear
 Z - a scroll of enchant weapon
Potions
 f - 2 potions of invisibility
 i - a potion of haste
 n - a potion of agility
 q - 4 potions of resistance
 B - 5 potions of ambrosia
 C - 3 potions of brilliance
 D - 7 potions of curing
 F - a potion of magic
 L - a potion of heal wounds
 M - 3 potions of cancellation
Miscellaneous
 v - a fan of gales
 x - a phantom mirror
 Y - a phial of floods
Comestibles
 c - 19 bread rations
 k - 25 fruits
 o - 32 beef jerkies
 w - 14 meat rations


   Skills:
 O Level 27 Fighting
 + Level 22.0(22.7) Axes
   Level 11.7(18.2) Polearms
 + Level 25.9 Bows
 + Level 14.5 Armour
 - Level 11.0 Dodging
 - Level 4.0 Stealth
 - Level 4.0 Spellcasting
 - Level 7.0 Charms
 - Level 6.4 Summonings
 - Level 10.0 Translocations
 - Level 6.9 Air Magic
 - Level 10.8 Invocations


You had 21 spell levels left.
You knew the following spells:

 Your Spells              Type           Power        Failure   Level  Hunger
a - Apportation           Tloc           #.........   1%          1    ##.....
b - Summon Butterflies    Summ           #.......     8%          1    ##.....
c - Blink                 Tloc           N/A          1%          2    ###....
d - Swiftness             Chrm/Air       #.......     8%          2    ###....
e - Portal Projectile     Tloc           #.....       3%          3    ####...
f - Passage of Golubria   Tloc           N/A          12%         4    #####..


Dungeon Overview and Level Annotations

Branches:
Dungeon (15/15)            Temple (1/1) D:4            Lair (6/6) D:10
 Shoals (4/4) Lair:3        Snake (4/4) Lair:4        Slime (0/5) Lair:6
    Orc (2/2) D:9             Elf (3/3) Orc:2        Vaults (5/5) D:14
  Crypt (3/3) Vaults:3     Depths (5/5) D:15            Zot (5/5) Depths:5
   Tomb: Crypt:3

Altars:
Ashenzari
Cheibriados
Dithmenos
Elyvilon
Fedhas
Gozag
Hepliaklqana
Kikubaaqudgha
Makhleb
Nemelex Xobeh
Okawaru
Pakellas
Qazlal
Ru
Trog
Uskayaw
Vehumet
Xom
Yredelemnul
Zin
The Shining One
Jiyva

Shops:
D:7 [   D:8 *   Orc:2 *}*!   Elf:2 :   Elf:3 (   Snake:1 (   Vaults:3 [*[
Vaults:4 (::[?

Portals:
Hell: Depths:1 Depths:2 Depths:3 Depths:4 Depths:5
Abyss: Depths:4 Depths:5
Pandemonium: Depths:1 Depths:3 Depths:5
Ziggurat: Depths:1

Annotations:
Lair:5 exclusion: oklob plant


Innate Abilities, Weirdness & Mutations

You have hooves in place of feet.
Armour fits poorly on your strangely shaped body.
You cover ground very quickly.
You have extremely tough skin. (AC +3)
You tend to lose your temper in combat.
Scrolls take you a little longer to read.
You are very dopey. (Int -4)
You are weak. (Str -2)
Your spells are a little easier to cast, but a little less powerful.


Message History

There is a stone staircase leading up here.
You fly upwards.
There is a stone staircase leading down here.
There is an open door here.
There is a stone staircase leading up here.
You fly upwards.
There is a stone staircase leading down here.
You hear an angry hiss.
You hear an angry hiss.
You hear an angry hiss.
A giant gecko comes into view.
The giant gecko hisses angrily.
You block the giant gecko's attack.
You slash the giant gecko!
You kill the giant gecko!
Qazlal accepts your kill.
You see here a giant gecko corpse.
You see here a spear.
There is a staircase leading out of the dungeon here.
You have escaped!

####...........#
#.....## ##.
#...........# ##....##
## #...........#
#....## #
####...........#
##...##
#..............# #...##
###
#.....############ยง.##
#.. #.....# #..## #..
#.....# ##.## ####..
#.....# #@## #.....
#.....# ### #.....
#.....# #..... #.....#
#..... #.....# #.....
#.....# #..... #.....#
#..... ####### #.....
#.....


There were no monsters in sight!

Vanquished Creatures
  4 orbs of fire
  Mara (Crypt:3)
  Mennas (Depths:4)
  The ghost of Mekire the Acrobat, a legendary DrBe of Trog (Zot:5)
  7 ancient liches
  3 greater mummies (Depths:3)
  Bai Suzhen (Vaults:3)
  Sojobo (Vaults:4)
  Boris (Depths:3)
  Frederick (Crypt:3)
  Margery (Vaults:2)
  5 Killer Klowns
  A curse toe (Zot:1)
  13 golden dragons
  A profane servitor (Abyss:3)
  A bone dragon (Crypt:3)
  Jory (Crypt:2)
  Jorgrun (Crypt:2)
  2 electric golems
  13 tentacled monstrosities
  26 Orb Guardians
  A shard shrike skeleton (Crypt:1)
  Asterion (Vaults:2)
  3 deep elf blademasters
  2 deep elf master archers (Elf:3)
  5 liches
  2 quicksilver dragons (Vaults:5)
  3 titans
  6 krakens
  5 sphinxes
  3 ancient champions
  6 tentacled starspawn
  10 death cobs
  17 storm dragons
  A revenant (Crypt:1)
  5 shadow dragons
  An azure jelly (shapeshifter) (Vaults:4)
  Ilsuiw (Shoals:3)
  Roxanne (D:15)
  10 frost giants
  6 draconian monks
  Wiglaf (Crypt:2)
  15 tengu reavers
  8 greater nagas
  3 deep elf sorcerers (Elf:3)
  Maud (D:10)
  Donald (Shoals:2)
  4 ghost moths
  4 iron dragons
  4 ghouls
  2 curse skulls
  3 draconian knights (Zot:5)
  19 vault wardens
  12 fire giants
  3 draconian scorchers (Zot:5)
  A juggernaut zombie (Depths:1)
  Aizul (Elf:3)
  4 draconian shifters
  7 deep elf elementalists
  2 reapers
  A cacodemon (Abyss:4)
  A draconian zealot (Zot:4)
  2 spriggan defenders (Depths:3)
  A juggernaut skeleton (Depths:1)
  22 ironheart preservers
  An ophan (Abyss:3)
  9 vampire knights
  7 war gargoyles
  11 green draconians
  31 very ugly things
  5 draconian callers
  2 draconian annihilators
  17 stone giants
  Nessos (D:15)
  4 black draconians
  10 deep elf annihilators
  13 deep elf demonologists
  8 mottled draconians
  Azrael (D:13)
  4 red draconians
  10 yellow draconians
  23 ettins
  2 lorocyprocas
  12 purple draconians
  20 spark wasps
  3 eidola
  10 white draconians
  11 merfolk javelineers
  Snorg (D:10)
  A green death (Abyss:2)
  7 deep elf death magi
  4 crystal guardians
  2 quicksilver dragon zombies
  2 mummy priests (Depths:3)
  13 fire dragons
  A great orb of eyes (shapeshifter) (Vaults:3)
  14 jiangshi
  13 yaktaur captains
  5 deep elf high priests
  6 great orbs of eyes
  A minotaur (Lab)
  10 merfolk impalers
  Fannar (Lair:1)
  A hell beast (D:13)
  2 hydras
  12 naga warriors
  19 ice dragons
  7 rakshasas
  34 vault guards
  9 spriggan air magi
  A juggernaut simulacrum (Depths:2)
  14 centaur warriors
  4 merfolk avatars
  34 dancing weapons
  4 merfolk aquamancers (Shoals:4)
  2 alligator snapping turtles (Shoals:4)
  4 satyrs
  18 ogre magi
  6 deep troll shamans
  3 death knights
  9 anacondas
  7 vampire magi
  6 death yaks (Lair:6)
  A death yak (shapeshifter) (Depths:2)
  3 tengu warriors
  14 shock serpents
  The ghost of deifeln the Spear-Bearer, a novice MfGl of Okawaru (D:8)
  14 deep troll earth magi
  2 spriggans
  3 spriggan berserkers (Depths:5)
  3 orc high priests
  A titan zombie (Crypt:3)
  Sonja (Lair:1)
  8 naga sharpshooters
  A soul eater (Crypt:3)
  26 deep elf knights
  Urug (Lair:1)
  17 hell knights
  2 iron trolls (Depths:5)
  2 titan skeletons
  2 shadow wraiths
  A sun demon (Abyss:4)
  3 fire crabs
  2 golden dragon zombies (Crypt:3)
  A death drake (shapeshifter) (Depths:2)
  19 skeletal warriors
  5 wretched stars
  An anaconda zombie (Abyss:3)
  7 salamander mystics (Snake:4)
  4 unseen horrors
  28 deep trolls
  14 sea snakes
  An infernal demonspawn (Depths:5)
  11 starcursed masses
  10 flayed ghosts
  20 orc knights
  A shadow dragon zombie (Crypt:3)
  A tengu zombie (Depths:2)
  17 necromancers
  27 harpies
  5 giant orange brains
  A lindwurm (shapeshifter) (Depths:1)
  Pikel (D:8)
  4 lindwurms (Snake:4)
  72 deep elf magi
  36 ugly things
  17 deep elf archers
  3 naga ritualists
  2 orange crystal statues (Depths:1)
  8 phantasmal warriors
  2 golden dragon skeletons
  6 wizards
  22 ironbrand convokers
  10 hill giants
  4 wolf spiders
  2 fauns (shapeshifter)
  An orb spider (shapeshifter) (Depths:2)
  20 fauns
  6 orc sorcerers
  17 manticores
  18 cyclopes
  16 griffons
  3 stone giant zombies
  A hornet (Vaults:2)
  12 mana vipers
  28 moths of wrath
  6 salamanders
  10 large abominations
  A fire giant zombie (Crypt:3)
  2 elephants (shapeshifter)
  5 sixfirhies
  16 sirens
  13 vault sentinels
  3 elephants (Lair:5)
  A stone giant skeleton (Crypt:1)
  A dire elephant zombie (Crypt:3)
  2 worldbinders
  A guardian serpent (shapeshifter) (Vaults:5)
  An apocalypse crab (Abyss:3)
  24 naga magi
  An eye of devastation (Abyss:3)
  8 guardian serpents
  3 orange demons
  2 fire giant skeletons
  A gargoyle (D:15)
  A rust devil (Depths:5)
  An eye of devastation (shapeshifter) (Elf:3)
  31 black mambas
  4 smoke demons
  A shock serpent skeleton (Crypt:3)
  6 water nymphs
  Psyche (D:8)
  A dire elephant skeleton (Crypt:3)
  8 spiny frogs
  A catoblepas zombie (Crypt:3)
  5 komodo dragons
  4 kobold demonologists
  4 rime drakes
  A white draconian zombie (Crypt:1)
  A spark wasp simulacrum (Depths:1)
  5 hellwings
  55 yaktaurs
  3 guardian mummies
  2 centaur skeletons
  3 efreet
  An iron troll skeleton (Crypt:2)
  2 tengu conjurers
  A spriggan skeleton (Depths:2)
  6 ancient zymes
  13 freezing wraiths
  2 meliai (shapeshifter)
  21 trolls
  12 polar bears
  40 merfolk
  A queen bee (shapeshifter) (Vaults:2)
  A hydra skeleton (Abyss:2)
  A ghost moth simulacrum (Abyss:3)
  14 raiju
  29 two-headed ogres
  A moth of wrath zombie (Crypt:1)
  An ettin zombie (Crypt:3)
  34 slime creatures
  4 bog bodies
  6 boulder beetles
  17 blink frogs
  6 wind drakes
  8 snapping turtles
  A snapping turtle (shapeshifter) (Vaults:2)
  A stone giant simulacrum (Vaults:3)
  18 air elementals
  65 yaks
  40 flying skulls
  4 shadows
  3 redbacks
  2 ettin skeletons
  10 wraiths
  4 wyverns
  A yak (shapeshifter) (Vaults:3)
  21 water elementals
  2 tarantellas (shapeshifter)
  Sigmund (D:2)
  An ice dragon skeleton (Crypt:1)
  6 ynoxinuls
  8 basilisks
  A fire bat (shapeshifter) (Vaults:1)
  A human (shapeshifter) (Depths:5)
  4 neqoxecs
  2 steam dragons (Lair:6)
  4 fire elementals
  19 hippogriffs
  3 hungry ghosts
  11 vampire mosquitoes
  2 chaos spawn
  16 wargs
  Menkaure (D:5)
  3 mottled dragons
  A yaktaur simulacrum (Vaults:2)
  44 nagas
  2 soldier ants (D:9)
  22 water moccasins
  8 hell hounds
  6 porcupines
  50 orc warriors
  13 ice beasts
  A ghost crab zombie (Crypt:1)
  4 phantoms
  6 sky beasts
  A snapping turtle zombie (Crypt:3)
  4 wasps
  14 black bears
  73 ogres
  A swamp drake (Lair:6)
  14 wolves
  19 boggarts
  6 necrophages
  2 snapping turtle skeletons
  24 centaurs
  18 crocodiles
  An anubis guard skeleton (Crypt:2)
  7 big kobolds
  A big kobold (shapeshifter) (Depths:2)
  A yaktaur zombie (Crypt:1)
  14 giant frogs
  4 earth elementals
  9 small abominations
  2 wyvern skeletons
  3 scorpions
  11 killer bees
  5 electric eels
  30 wights
  8 howler monkeys
  10 crimson imps
  3 giant frog zombies
  3 quasits
  2 wasp zombies
  2 centaur zombies
  9 jellies
  29 orc priests
  19 hounds
  50 orc wizards
  3 giant frog skeletons
  3 human skeletons (Crypt:1)
  9 iguanas
  9 worker ants
  A hell rat (shapeshifter) (Depths:4)
  27 sheep
  A deep dwarf zombie (Crypt:1)
  3 hound zombies
  A mottled dragon skeleton (Crypt:1)
  5 mummies (Crypt:1)
  A howler monkey zombie (D:11)
  3 worker ant zombies
  9 gnolls
  16 adders
  A hell rat skeleton (Crypt:1)
  72 river rats
  6 shadow imps
  A white imp (D:9)
  A worker ant simulacrum (D:9)
  5 ufetubi
  17 oozes
  3 adder zombies
  A sheep skeleton (Crypt:2)
  3 dart slugs
  2 worms
  6 giant geckos
  135 orcs
  2 ball pythons
  16 bats
  7 giant cockroaches
  9 goblins
  5 hobgoblins
  7 jackals
  32 kobolds
  5 quokkas
  A ball python skeleton (D:5)
  A ball python zombie (Crypt:1)
  A giant cockroach zombie (D:6)
  2 giant gecko skeletons
  A giant gecko zombie (D:6)
  3 giant newts
  A giant newt skeleton (Crypt:1)
  A hobgoblin zombie (Crypt:2)
  A quokka skeleton (D:4)
  11 rats
  2 bushes
  2 demonic plants (Abyss:2)
  19 fungi
  66 plants
  8 starspawn tentacles
  A starspawn tentacle segment (Abyss:3)
  13 tentacles
3213 creatures vanquished.

Vanquished Creatures (collateral kills)
  A reaper (Abyss:2)
  2 orc knights (Vaults:1)
  3 cyclopes (Shoals:2)
  2 yaktaurs (Vaults:1)
  2 orc warriors (Vaults:1)
  2 orc priests (Vaults:1)
  2 orcs (Vaults:1)
14 creatures vanquished.

Vanquished Creatures (others)
  A tengu reaver (Vaults:4)
  A ghost moth (Zot:5)
  A white draconian (Zot:5)
  2 fire dragons
  A vault guard (Vaults:5)
  A naga warrior (Snake:4)
  An ironbrand convoker (Vaults:5)
  A manticore (Shoals:2)
  A water elemental (Abyss:3)
  A centaur (Depths:3)
  A giant frog (D:11)
  An orc (Vaults:3)
  12 fungi
  A lurking horror (Abyss:4)
  33 plants
  11 starspawn tentacles
  77 starspawn tentacle segments
  37 tentacles
  2331 tentacle segments
2515 creatures vanquished.

Grand Total: 5742 creatures vanquished

Notes
Turn   | Place    | Note
-------+----------+-------------------------------------------
     0 | D:1      | FitzyFitz the Centaur Monk began the quest for the Orb.
     0 | D:1      | Reached XP level 1. HP: 19/19 MP: 1/1
   128 | D:1      | Reached XP level 2. HP: 20/26 MP: 2/2
   981 | D:2      | Reached XP level 3. HP: 26/31 MP: 3/3
  1603 | D:2      | Noticed Sigmund
  1953 | D:3      | Found a burning altar of Makhleb.
  1959 | D:3      | Reached XP level 4. HP: 24/38 MP: 4/4
  2533 | D:3      | Found a white marble altar of Elyvilon.
  2556 | D:3      | Reached skill level 5 in Polearms
  2945 | D:4      | Reached XP level 5. HP: 34/45 MP: 5/5
  3079 | D:4      | Found a staircase to the Ecumenical Temple.
  3089 | Temple   | Entered the Ecumenical Temple
  3176 | Temple   | Became a worshipper of Qazlal Stormbringer
  3176 | Temple   | Reached * piety under Qazlal
  3176 | Temple   | Reached ** piety under Qazlal
  3456 | D:4      | Noticed a phantom
  3476 | D:4      | Killed a phantom
  3603 | D:4      | Reached XP level 6. HP: 51/51 MP: 7/7
  3629 | D:4      | Found a basalt altar of Yredelemnul.
  3629 | D:4      | Found a sacrificial altar of Ru.
  4016 | D:5      | Entered Level 5 of the Dungeon
  4211 | D:5      | Noticed Menkaure
  4278 | D:5      | Killed Menkaure
  4320 | D:5      | Reached XP level 7. HP: 40/57 MP: 9/9
  4388 | D:5      | Reached skill level 5 in Invocations
  5281 | D:2      | Killed Sigmund
  5281 | D:2      | Reached XP level 8. HP: 63/63 MP: 7/12
  6064 | D:6      | Noticed a slime creature
  6075 | D:6      | Killed a slime creature
  6356 | D:6      | Reached XP level 9. HP: 61/69 MP: 6/13
  6555 | D:6      | Reached skill level 10 in Polearms
  6656 | D:7      | Found Zeeqaxt's Armour Shoppe.
  6665 | D:7      | Bought a +2 pair of gloves for 165 gold pieces
  6764 | D:7      | Found a flagged portal.
  6779 | Bailey   | Entered a bailey
  7594 | Bailey   | Noticed an orc knight
  7949 | Bailey   | Killed an orc knight
  8603 | Bailey   | Reached skill level 1 in Axes
  8793 | D:7      | Found an opulent altar of Gozag.
  8903 | D:7      | Reached XP level 10. HP: 46/77 MP: 14/14
  9077 | D:7      | Found Dalutuc's Antique Armour Shop.
  9100 | D:7      | Found a shadowy altar of Dithmenos.
  9188 | D:7      | Found a snail-covered altar of Cheibriados.
  9603 | D:8      | Reached skill level 4 in Fighting
  9767 | D:8      | Noticed Psyche
  9770 | D:8      | Killed Psyche
  9770 | D:8      | Reached skill level 5 in Fighting
  9799 | D:8      | Noticed deifeln's ghost (novice MfGl)
  9989 | D:8      | Killed deifeln's ghost
  9989 | D:8      | Reached skill level 6 in Fighting
 10048 | D:8      | Reached skill level 7 in Fighting
 10171 | D:8      | Noticed Pikel
 10185 | D:8      | Killed Pikel
 10474 | D:8      | Found Gozag's Platinum Reserve.
 10474 | D:8      | Found an opulent altar of Gozag.
 10757 | D:8      | Reached skill level 8 in Fighting
 10794 | D:8      | Identified a scroll of acquirement
 11041 | D:9      | Reached skill level 9 in Fighting
 11290 | D:9      | Noticed an orange demon
 11291 | D:9      | Reached XP level 11. HP: 80/97 MP: 15/15
 11439 | D:9      | Reached skill level 10 in Fighting
 11905 | D:9      | Found a staircase to the Orcish Mines.
 11970 | D:9      | Found a blossoming altar of Fedhas.
 12074 | D:9      | Reached *** piety under Qazlal
 12083 | D:9      | Paralysed by a crimson imp for 5 turns
 12091 | D:9      | Reached skill level 11 in Fighting
 12503 | D:10     | Entered Level 10 of the Dungeon
 12511 | D:10     | Noticed Maud
 12522 | D:10     | Noticed a hill giant
 12525 | D:10     | Killed Maud
 12818 | D:10     | Noticed a hill giant
 12910 | Orc:1    | Entered Level 1 of the Orcish Mines
 12950 | Orc:1    | Reached skill level 12 in Fighting
 13180 | Orc:2    | Entered Level 2 of the Orcish Mines
 13246 | Orc:2    | Found a staircase to the Elven Halls.
 13278 | Orc:2    | Reached skill level 5 in Axes
 13768 | Orc:2    | Noticed an orc high priest
 13982 | Orc:2    | Noticed an orc sorcerer
 13983 | Orc:2    | Noticed an orc sorcerer
 13993 | Orc:1    | HP: 3/104 [orc warrior/war axe (8)]
 14280 | Orc:1    | You fall through a shaft!
 14511 | D:10     | Found a burning altar of Makhleb.
 14512 | D:10     | Killed a hill giant
 14534 | D:9      | Reached XP level 12. HP: 38/112 MP: 9/16
 14653 | D:10     | Noticed Snorg
 14879 | D:9      | Noticed a centaur warrior
 14888 | D:9      | Killed a centaur warrior
 14891 | D:9      | Got a slimy robe
 14999 | D:9      | Identified the +0 robe "Foewusa" {rF+ Int+3} (You took it off a centaur warrior on level 9 of the Dungeon)
 15026 | D:9      | Reached skill level 1 in Armour
 15283 | D:10     | Killed Snorg
 15576 | D:10     | Found a staircase to the Lair.
 15614 | D:10     | Noticed a centaur warrior
 15700 | Lair:1   | Entered Level 1 of the Lair of Beasts
 15847 | Lair:1   | Noticed Urug
 15856 | Lair:1   | Killed Urug
 15991 | Lair:1   | Noticed Sonja
 15993 | Lair:1   | Killed Sonja
 16650 | Lair:1   | Noticed Fannar
 16659 | Lair:1   | Killed Fannar
 17045 | Lair:2   | Reached XP level 13. HP: 61/118 MP: 17/17
 17644 | Lair:3   | Found a staircase to the Shoals.
 17954 | Lair:3   | Reached skill level 10 in Axes
 18247 | Lair:3   | Reached **** piety under Qazlal
 18978 | Lair:4   | Found a staircase to the Snake Pit.
 20139 | Lair:5   | Got a crude hunting sling
 20680 | Lair:6   | Entered Level 6 of the Lair of Beasts
 20932 | Lair:5   | Reached skill level 1 in Bows
 21272 | Lair:6   | Found a staircase to the Slime Pits.
 21272 | Lair:6   | Found a viscous altar of Jiyva.
 21427 | Lair:6   | Reached XP level 14. HP: 60/126 MP: 14/18
 21672 | Lair:6   | Reached skill level 5 in Bows
 21739 | Lair:6   | Reached ***** piety under Qazlal
 22934 | Lair:1   | Learned a level 1 spell: Summon Butterflies
 23676 | Orc:2    | Found Omi Upepivu's Assorted Antiques.
 23677 | Orc:2    | Found Numypic's Distillery.
 23678 | Orc:2    | Found Sugh's Gadget Emporium.
 23681 | Orc:2    | Found Fonaoppo's Assorted Antiques.
 24060 | D:10     | Identified a +1 rod of shadows (10/10) (You found it on level 11 of the Dungeon)
 24177 | D:11     | Reached ****** piety under Qazlal
 24674 | D:12     | Reached skill level 10 in Bows
 24729 | D:12     | Found a labyrinth entrance.
 24738 | Lab      | Entered a labyrinth
 25550 | Lab      | Got a faintly glowing rapier {venom}
 25576 | Lab      | Identified the Tome of Earth
 26472 | D:13     | Noticed Azrael
 26478 | D:13     | Killed Azrael
 26978 | D:13     | Reached XP level 15. HP: 98/132 MP: 13/19
 27885 | Shoals:1 | Entered Level 1 of the Shoals
 28103 | Snake:1  | Entered Level 1 of the Snake Pit
 28309 | Snake:1  | Reached skill level 15 in Axes
 29071 | Snake:1  | Found Iduunet's Weapon Shoppe.
 30347 | Snake:2  | Learned a level 1 spell: Apportation
 31303 | Snake:3  | Noticed a greater naga
 31643 | Snake:2  | Reached skill level 5 in Dodging
 31682 | Snake:3  | Killed a greater naga
 32245 | Snake:3  | Noticed a greater naga
 32255 | Snake:3  | Killed a greater naga
 32679 | Snake:4  | Entered Level 4 of the Snake Pit
 32708 | Snake:4  | Noticed a greater naga
 32715 | Snake:4  | Killed a greater naga
 32719 | Snake:4  | Noticed a greater naga
 32719 | Snake:4  | Noticed a greater naga
 32719 | Snake:4  | Noticed a greater naga
 32722 | Snake:4  | Killed a greater naga
 32722 | Snake:4  | Reached skill level 5 in Armour
 32722 | Snake:4  | Reached XP level 16. HP: 112/140 MP: 20/20
 36254 | Snake:4  | Reached skill level 13 in Fighting
 36807 | Snake:4  | Reached XP level 17. HP: 106/149 MP: 8/22
 37073 | Snake:4  | Got a serpentine rune of Zot
 37966 | Shoals:1 | Noticed a kraken
 38189 | Shoals:1 | Killed a kraken
 38561 | Shoals:1 | Upgraded the game from 0.19-a0-749-g66ae36b to 0.19-a0-812-g33f3bc8
 39300 | Shoals:2 | Upgraded the game from 0.19-a0-812-g33f3bc8 to 0.19-a0-854-gc78d25d
 40237 | Shoals:2 | Noticed a kraken
 40295 | Shoals:2 | Killed a kraken
 40748 | Shoals:3 | Noticed Ilsuiw
 40784 | Shoals:3 | Noticed a kraken
 41078 | Shoals:3 | Killed a kraken
 41278 | Shoals:3 | Noticed a kraken
 41637 | Shoals:2 | Reached skill level 10 in Invocations
 41782 | Shoals:2 | Reached skill level 15 in Bows
 42154 | Shoals:3 | Noticed Donald
 42164 | Shoals:3 | Killed a kraken
 42440 | Shoals:2 | Killed Donald
 42442 | Shoals:2 | Got a fine shield {Donald}
 42460 | Shoals:2 | Identified the +5 shield "Ucrarayf" {*Corrode Int+5} (You took it off Donald on level 2 of the Shoals)
 42540 | Shoals:3 | Reached XP level 18. HP: 102/157 MP: 18/25
 43397 | Shoals:4 | Entered Level 4 of the Shoals
 43614 | Shoals:4 | Cast into level 2 of the Abyss (merfolk impaler)
 43859 | Shoals:4 | Escaped the Abyss
 45504 | D:14     | Found a gate to the Vaults.
 45669 | D:15     | Entered Level 15 of the Dungeon
 45818 | D:15     | Noticed Roxanne
 45820 | D:15     | Noticed Nessos
 45831 | D:15     | Killed Nessos
 46262 | D:15     | Killed Roxanne
 46270 | D:15     | Identified Roxanne's Compendium of Transmigration (You took it off Roxanne on level 15 of the Dungeon)
 46528 | D:15     | Found a staircase to the Depths.
 46724 | Vaults:1 | Entered Level 1 of the Vaults
 46980 | Vaults:1 | Reached skill level 14 in Fighting
 47514 | Vaults:1 | Reached XP level 19. HP: 156/167 MP: 24/27
 47556 | Vaults:1 | Upgraded the game from 0.19-a0-854-gc78d25d to 0.19-a0-926-g4486784
 48552 | Vaults:1 | You are sucked into a shaft!
 48599 | Vaults:2 | Cast into level 3 of the Abyss (an ogre mage)
 48671 | Abyss:3  | Noticed a profane servitor
 48674 | Abyss:3  | Noticed a hellephant
 48699 | Abyss:3  | Killed a profane servitor
 48711 | Vaults:2 | Escaped the Abyss
 48737 | Vaults:2 | Noticed Asterion
 48864 | Vaults:3 | Found Gozag's Antique Armour Boutique.
 48864 | Vaults:3 | Found Gozag's Antique Armour Shop.
 48865 | Vaults:3 | Found an opulent altar of Gozag.
 48866 | Vaults:3 | Noticed Bai Suzhen
 48867 | Vaults:3 | Found a flickering gateway to a bazaar.
 48870 | Bazaar   | Entered a bazaar
 49050 | Bazaar   | Found Tuninoph's Gadget Boutique.
 49054 | Bazaar   | Found Diwnuhy's Food Boutique.
 49054 | Bazaar   | Found Idayghaq's Book Boutique.
 49054 | Bazaar   | Found Ruddaheo's Assorted Antiques.
 49095 | Bazaar   | Bought a dented emerald amulet for 115 gold pieces
 49095 | Bazaar   | Bought a scroll of recharging for 218 gold pieces
 49095 | Bazaar   | Bought a golden potion for 20 gold pieces
 49095 | Bazaar   | Bought a potion of heal wounds for 115 gold pieces
 49112 | Bazaar   | Bought a wand of heal wounds (3/9) for 588 gold pieces
 49112 | Bazaar   | Bought a wand of teleportation (3/9) for 294 gold pieces
 49112 | Bazaar   | Bought a wand of teleportation (7/9) for 462 gold pieces
 49198 | Vaults:3 | Reached skill level 15 in Fighting
 49888 | Depths:1 | Entered Level 1 of the Depths
 50115 | Depths:1 | Found a gateway to a ziggurat.
 50222 | Depths:1 | Got a fine ivory ring
 50250 | D:15     | Identified the cursed ring of Xom's Bemusement {*Drain rElec rPois rF+ EV-3} (You took it off a tengu warrior on level 1 of the Depths)
 50711 | Depths:1 | Found a gateway to Hell.
 50742 | Depths:1 | Found a one-way gate leading to the halls of Pandemonium.
 50946 | Depths:1 | Got a shimmering buckler
 50947 | Depths:1 | Identified the cursed +0 buckler of Inference {*Corrode rElec MR+ Dex+2 Slay+2} (You found it on level 1 of the Depths)
 51641 | Depths:2 | Reached skill level 10 in Armour
 51725 | Depths:1 | Reached XP level 20. HP: 178/178 MP: 28/28
 52012 | Depths:1 | Upgraded the game from 0.19-a0-926-g4486784 to 0.19-a0-934-gf1df8d1
 52515 | Vaults:2 | Killed Asterion
 52664 | Vaults:2 | Noticed Margery
 52672 | Vaults:2 | Killed Margery
 54191 | Vaults:3 | Reached skill level 16 in Fighting
 54775 | Vaults:3 | Reached XP level 21. HP: 161/189 MP: 29/29
 54940 | Vaults:3 | Killed Bai Suzhen
 55157 | Vaults:3 | Found Gozag's Assorted Antiques.
 55239 | Vaults:3 | Bought a runed cloak for 450 gold pieces
 55349 | Vaults:3 | Found a staircase to the Crypt.
 56252 | Vaults:4 | Found Peghejest's Book Emporium.
 56257 | Vaults:4 | Reached skill level 17 in Fighting
 56294 | Vaults:4 | Bought a book of Minor Magic for 300 gold pieces
 56294 | Vaults:4 | Bought a book of Burglary for 1125 gold pieces
 56297 | Vaults:4 | Learned a level 2 spell: Blink
 56300 | Vaults:4 | Learned a level 2 spell: Swiftness
 56784 | Vaults:4 | Noticed Sojobo
 56868 | Vaults:4 | Found Tuch's Antique Armour Shoppe.
 56879 | Vaults:4 | Bought a pitted chain mail for 370 gold pieces
 56879 | Vaults:4 | Bought a runed helmet for 175 gold pieces
 56879 | Vaults:4 | Identified the +8 chain mail of the Duke {rC- rN+++ Str-2 Int+5} (You bought it in a shop on level 4 of the Vaults)
 57170 | Vaults:4 | Killed Sojobo
 57203 | Vaults:4 | Reached skill level 1 in Translocations
 57227 | Vaults:4 | Reached skill level 1 in Charms
 57229 | Vaults:4 | Reached skill level 1 in Summonings
 57339 | Vaults:4 | Found Nuthraud's Magic Scroll Boutique.
 57342 | Vaults:4 | Bought a scroll of magic mapping for 49 gold pieces
 57342 | Vaults:4 | Bought a scroll of identify for 28 gold pieces
 57342 | Vaults:4 | Bought a scroll of identify for 28 gold pieces
 57342 | Vaults:4 | Bought a scroll of blinking for 105 gold pieces
 57342 | Vaults:4 | Bought a scroll of blinking for 105 gold pieces
 57342 | Vaults:4 | Bought a scroll of identify for 28 gold pieces
 57342 | Vaults:4 | Bought a scroll of enchant weapon for 105 gold pieces
 57342 | Vaults:4 | Bought a scroll of identify for 28 gold pieces
 57342 | Vaults:4 | Bought a scroll of identify for 28 gold pieces
 57342 | Vaults:4 | Bought a scroll of magic mapping for 49 gold pieces
 57342 | Vaults:4 | Bought a scroll of fog for 28 gold pieces
 57418 | Vaults:4 | Found Xomefe's Book Boutique.
 57426 | Vaults:4 | Got an encrusted leather armour
 57428 | Vaults:4 | Identified the +2 leather armour of Qiag Haj {Dex+4} (You found it on level 4 of the Vaults)
 57497 | Vaults:4 | Reached skill level 1 in Air Magic
 57545 | Vaults:4 | Found Seskuax's Antique Weapon Boutique.
 57572 | Vaults:4 | Reached skill level 1 in Spellcasting
 57887 | Crypt:1  | Entered Level 1 of the Crypt
 58368 | Crypt:1  | Found an ancient bone altar of Kikubaaqudgha.
 59044 | Crypt:2  | Reached XP level 22. HP: 172/200 MP: 30/30
 59045 | Crypt:2  | Noticed Wiglaf
 59253 | Crypt:2  | Noticed Jory
 59269 | Crypt:2  | Killed Jory
 59331 | Crypt:2  | Noticed Jorgrun
 59339 | Crypt:2  | Killed Jorgrun
 59472 | Crypt:2  | Killed Wiglaf
 60455 | Crypt:3  | Entered Level 3 of the Crypt
 60987 | Crypt:3  | Cast into level 4 of the Abyss (flail of distortion)
 60987 | Abyss:4  | Found a corrupted altar of Lugonu.
 61116 | Abyss:4  | Found a corrupted altar of Lugonu.
 61310 | Crypt:3  | Escaped the Abyss
 61466 | Crypt:3  | Reached skill level 5 in Charms
 61748 | Crypt:3  | Noticed an ancient lich
 61768 | Crypt:3  | Cast into level 3 of the Abyss (flail of distortion)
 62143 | Abyss:3  | Reached skill level 18 in Fighting
 62166 | Abyss:3  | Gained mutation: Your spells are a little easier to cast, but a little less powerful. [a neqoxec]
 62167 | Crypt:3  | Escaped the Abyss
 62179 | Crypt:3  | Reached skill level 5 in Air Magic
 62443 | Crypt:3  | Noticed Mara
 62451 | Crypt:3  | Reached skill level 5 in Translocations
 62769 | Crypt:3  | Reached skill level 5 in Summonings
 62800 | Crypt:3  | Noticed Frederick
 62812 | Crypt:3  | Killed Frederick
 62884 | Crypt:3  | Noticed FitzyFitz's illusion
 62907 | Crypt:3  | Killed Mara
 62973 | Crypt:3  | Reached XP level 23. HP: 94/209 MP: 31/31
 63795 | Elf:1    | Entered Level 1 of the Elven Halls
 63916 | Elf:1    | Got a crystal hand axe
 63949 | Elf:1    | Identified the +10 hand axe of Dymox {chop, Str+3 Dex+4} (You found it on level 1 of the Elven Halls)
 64229 | Elf:1    | Got a pitted longbow
 64240 | Elf:1    | Identified the cursed +0 longbow of Quarrel {speed, Str-3 SInv Stlth+} (You found it on level 1 of the Elven Halls)
 64965 | Elf:2    | Found a runed gate.
 64965 | Elf:2    | Found a runed gate.
 64970 | Elf:2    | Found a runed gate.
 65138 | Elf:2    | Found Xif Tupa's Book Emporium.
 65450 | Elf:3    | Entered Level 3 of the Elven Halls
 66042 | Elf:3    | Found Ighime Linn's Weapon Shoppe.
 66105 | Elf:3    | Noticed Aizul
 66130 | Elf:3    | Killed Aizul
 66768 | Elf:3    | Got a brightly glowing lajatang {holy}
 66892 | Elf:3    | Cast into level 2 of the Abyss (a deep elf demonologist)
 67068 | Abyss:2  | Gained mutation: You have a pair of small horns on your head. [potion of beneficial mutation]
 67174 | Elf:3    | Escaped the Abyss
 67251 | Elf:3    | Reached skill level 19 in Fighting
 67692 | Elf:3    | Got a slimy war axe {holy}
 67695 | Elf:3    | Got a translucent amber ring
 67884 | Elf:3    | Identified the ring "Feeghied" {rF- EV+4 Int+5} (You took it off a deep elf sorcerer on level 3 of the Elven Halls)
 67910 | Elf:3    | Got a steaming shortbow
 67928 | Elf:3    | Identified the Catalogue of Frigorific Calling
 67935 | Elf:3    | Got a jet-studded scale mail
 67936 | Elf:3    | Identified the +1 scale mail of Dyspraxia {rN+} (You found it on level 3 of the Elven Halls)
 67938 | Elf:3    | Identified the +11 shortbow "Ebuyn" {venom, MR- Int+5 Dex+6} (You found it on level 3 of the Elven Halls)
 68816 | Depths:2 | Reached XP level 24. HP: 157/223 MP: 31/31
 68819 | Depths:2 | Reached skill level 20 in Fighting
 68828 | Depths:2 | Got an obsidian-studded ring mail
 68832 | Depths:2 | Identified the +4 ring mail of the Snake Pit {rF- MR++ rCorr Int+2} (You found it on level 2 of the Depths)
 70119 | Depths:3 | Reached skill level 21 in Fighting
 70578 | Depths:3 | Noticed a greater mummy
 70944 | Depths:3 | Killed a greater mummy
 71374 | Depths:3 | Noticed a greater mummy
 71662 | Depths:3 | Killed a greater mummy
 71723 | Depths:3 | Reached skill level 22 in Fighting
 71826 | Depths:3 | Noticed a greater mummy
 71902 | Depths:3 | Killed a greater mummy
 72527 | Depths:4 | Found a one-way gate to the infinite horrors of the Abyss.
 73638 | Depths:4 | Reached skill level 23 in Fighting
 73654 | Depths:4 | Reached XP level 25. HP: 106/241 MP: 31/31
 74322 | Depths:4 | Noticed Boris
 74785 | Depths:4 | Noticed Mennas
 74785 | Depths:4 | Upgraded the game from 0.19-a0-934-gf1df8d1 to 0.19-a0-944-gb338e1e
 74811 | Depths:4 | Killed Mennas
 74902 | Depths:4 | Reached skill level 24 in Fighting
 75494 | Depths:4 | Found a portal to a secret trove of treasure.
 76167 | Depths:4 | You paid a toll of a +4 fire dragon armour to enter a treasure trove
 76168 | Trove    | Entered a treasure trove
 76217 | Trove    | Got a heavily runed platinum ring
 76223 | Trove    | Identified the ring of Setzoarr {EV+2 Dex+4 Stlth+} (You found it in a treasure trove)
 76454 | Depths:3 | Killed Boris
 76490 | Depths:5 | Entered Level 5 of the Depths
 77326 | Depths:5 | Found a gate to the Realm of Zot.
 77833 | Depths:5 | Reached skill level 25 in Fighting
 79040 | Shoals:3 | Killed Ilsuiw
 79446 | Shoals:4 | Reached XP level 26. HP: 135/259 MP: 31/31
 80037 | Shoals:4 | Got a barnacled rune of Zot
 81093 | Vaults:5 | Entered Level 5 of the Vaults
 81103 | Vaults:5 | Reached skill level 26 in Fighting
 82456 | Vaults:5 | Reached skill level 27 in Fighting
 83647 | Vaults:5 | Reached XP level 27. HP: 237/273 MP: 31/31
 84144 | Vaults:5 | Got a bloodstained broad axe {chop}
 84338 | Vaults:5 | Got a crude broad axe {speed}
 84339 | Vaults:5 | Identified the cursed +0 broad axe of Linearity {chop, rC+ rN+ MR-} (You took it off a yaktaur captain on level 5 of the Vaults)
 84340 | Vaults:5 | Identified the +4 broad axe of Temperance {speed, rC+ rN+ Dex-4} (You took it off an ironbrand convoker on level 5 of the Vaults)
 84590 | Vaults:5 | Identified the Almanac of Attacks and Augmentations
 84694 | Vaults:5 | Got an ichor-stained chain mail
 84695 | Vaults:5 | Identified the cursed +0 chain mail of Uskayaw's Pride {+Fly rElec Int+4 Dex-4} (You found it on level 5 of the Vaults)
 85229 | Vaults:5 | Learned a level 3 spell: Portal Projectile
 85234 | Vaults:5 | Learned a level 4 spell: Passage of Golubria
 85247 | Vaults:5 | Got a silver rune of Zot
 86002 | Zot:1    | Entered Level 1 of the Realm of Zot
 86721 | Zot:1    | Noticed an orb of fire
 86736 | Zot:1    | Gained mutation: You are weak. (Str -2) [an orb of fire]
 86756 | Zot:1    | Gained mutation: You are very weak. (Str -4) [an orb of fire]
 86762 | Zot:1    | Killed an orb of fire
 88426 | Zot:2    | Reached skill level 10 in Translocations
 92802 | Zot:5    | Entered Level 5 of the Realm of Zot
 92804 | Zot:5    | Noticed Mekire's ghost (legendary DrBe)
 93858 | Zot:5    | Killed Mekire's ghost
 94166 | Zot:5    | Noticed an ancient lich
 94476 | Zot:4    | Killed an ancient lich
 95522 | Zot:5    | Noticed an ancient lich
 95665 | Zot:5    | Killed an ancient lich
 95675 | Zot:5    | Noticed an ancient lich
 95686 | Zot:5    | Killed an ancient lich
 95795 | Zot:5    | Noticed an ancient lich
 95812 | Zot:5    | Killed an ancient lich
 95819 | Zot:5    | Noticed an ancient lich
 95838 | Zot:5    | Killed an ancient lich
 95838 | Zot:5    | Reached skill level 10 in Dodging
 96187 | Zot:5    | Noticed an ancient lich
 96206 | Zot:5    | Killed an ancient lich
 96590 | Zot:5    | Noticed an orb of fire
 96602 | Zot:5    | Gained mutation: Your spells are easier to cast, but less powerful. [an orb of fire]
 96605 | Zot:5    | Gained mutation: Your body sometimes deteriorates upon taking damage. [an orb of fire]
 96612 | Zot:5    | Gained mutation: You expend magic power (3 MP) to strengthen your wands. [an orb of fire]
 96625 | Zot:5    | Gained mutation: You are dopey. (Int -2) [an orb of fire]
 96627 | Zot:5    | Killed an orb of fire
 97014 | Lair:1   | Lost mutation: You are dopey. (Int -2) [potion of cure mutation]
 97014 | Lair:1   | Lost mutation: You expend magic power (3 MP) to strengthen your wands. [potion of cure mutation]
 97014 | Lair:1   | Lost mutation: Your spells are easier to cast, but less powerful. [potion of cure mutation]
 97014 | Lair:1   | Lost mutation: Your body sometimes deteriorates upon taking damage. [potion of cure mutation]
 97014 | Lair:1   | Lost mutation: You have a pair of small horns on your head. [potion of cure mutation]
 97542 | Zot:5    | Noticed an ancient lich
 97554 | Zot:5    | Killed an ancient lich
 97575 | Zot:5    | Noticed an orb of fire
 97575 | Zot:5    | Gained mutation: You tend to lose your temper in combat. [an orb of fire]
 97576 | Zot:5    | Gained mutation: You are dopey. (Int -2) [an orb of fire]
 97604 | Zot:5    | Gained mutation: Your body sometimes deteriorates upon taking damage. [an orb of fire]
 97618 | Zot:5    | Gained mutation: You are very dopey. (Int -4) [an orb of fire]
 98209 | D:10     | Lost mutation: Your body sometimes deteriorates upon taking damage. [potion of cure mutation]
 98209 | D:10     | Lost mutation: You tend to lose your temper in combat. [potion of cure mutation]
 98209 | D:10     | Lost mutation: You are very weak. (Str -4) [potion of cure mutation]
 98310 | Orc:2    | Bought a scroll of teleportation for 63 gold pieces
 98310 | Orc:2    | Bought a scroll of identify for 42 gold pieces
 98312 | Orc:2    | Bought a scroll of silence for 172 gold pieces
 98312 | Orc:2    | Bought 3 scrolls of blinking for 517 gold pieces
 98314 | Orc:2    | Bought a potion of ambrosia for 136 gold pieces
 98314 | Orc:2    | Bought a potion of resistance for 170 gold pieces
 98314 | Orc:2    | Bought a potion of heal wounds for 85 gold pieces
 98314 | Orc:2    | Bought a potion of curing for 51 gold pieces
 98317 | Orc:2    | Bought a wand of digging (17/24) for 672 gold pieces
 98683 | Vaults:3 | Bought a scroll of summoning for 950 gold pieces
 98683 | Vaults:3 | Bought a potion of might for 400 gold pieces
 99576 | Zot:5    | Killed an orb of fire
100423 | Zot:5    | Noticed an orb of fire
100434 | Zot:5    | Gained mutation: You tend to lose your temper in combat. [an orb of fire]
100439 | Zot:5    | Gained mutation: Scrolls take you a little longer to read. [an orb of fire]
100441 | Zot:5    | Killed an orb of fire
101236 | Zot:5    | Got the Orb of Zot
101690 | D:12     | Noticed Nudib the pandemonium lord
102016 | D:$      | Escaped with the Orb!

Vault maps used:
D:1:      minmay_arrival_pointy
D:2:      nrook_loot_triangle, uniq_sigmund
D:3:      lemuel_doored_altar, makhleb_heckhound_becter
D:4:      gammafunk_temple_overflow_statue, first_bread
D:5:      kennysheep_generic_room_13, uniq_menkaure
D:6:      lemuel_slime, corexii_item_surrounded_by_moat
D:7:      overflow_temple_1_default, old_standard_altar, grunt_dithmenos_smoke,
          lightli_bailey_entry_fortress, serial_shops, shop,
          nicolae_shop_temple_entry_statues_fountains
D:8:      nicolae_gozag_zags_fifth_avenue, uniq_psyche, uniq_pikel
D:9:      orc_0_dummy, basic_altar, serial_ice, serial_ice_d, serial_ice_b,
          serial_ice_o, serial_ice_l, hangedman_pestilent_swarm, minivault_10,
          stair_cage_line
D:10:     grunt_lair_entry_orc_guard_hut, basic_altar, lightli_corner_chamber,
          uniq_maud, uniq_snorg
D:12:     lab_entry_generic, hex_medium
D:13:     uniq_azrael
D:14:     lemuel_troll_bridge, hangedman_vaults_entry_quadrant_bands,
          serial_glass, glass_columns_a, glass_columns_a
D:15:     grunt_enter_depths_hoard, uniq_nessos, uniq_roxanne
Temple:   eino_temple_scatter_basement
Lair:1:   st_stairs_11, grunt_megastairs_5, uniq_urug, uniq_fannar, uniq_sonja
Lair:3:   shoals_dummy_entry, beast_lair_carwin_4
Lair:4:   dummy_snake_entry
Lair:5:   grunt_megastairs_4
Lair:6:   hangedman_lair_caniforms_friends, guppyfry_lair_end_dragon,
          slime_altar_1
Shoals:1: st_cyclops
Shoals:2: hangedman_shoals_cup_caves
Shoals:3: uniq_ilsuiw, uniq_donald
Shoals:4: shoals_end_simple, shoals_ilsuiw_alternative
Snake:1:  serial_shops, shop
Snake:2:  statue_in_the_mist_lemuel
Snake:3:  minmay_snake_pond
Snake:4:  snake_pit_salamanders_mu
Orc:1:    enter_volcano_1
Orc:2:    st_orc_mages
Elf:1:    kennysheep_spiral_hall, kennysheep_underground_church
Elf:2:    serial_shops, nicolae_shop_statue_plus
Elf:3:    elf_hall, serial_shops, shop, uniq_aizul
Vaults:1: hangedman_vaults_trim, hangedman_vaults_maws, v_pattern_1,
          hangedman_vaults_snaps, dpeg_vaults_monster_box,
          nicolae_vaults_diagonal_hallway_8
Vaults:2: nicolae_vaults_network_quinsquares, v_alt_pattern_2,
          nicolae_vaults_big_ls, v_misc_17, vaults_room_fours,
          vaults_dpeg_spiral, ontoclasm_vaults_fault, v_rooms_3,
          ontoclasm_vaults_pinch, ontoclasm_vaults_gateway,
          hangedman_vaults_trim, vaults_room_pool, vaults_dpeg_hooks,
          uniq_margery, uniq_asterion
Vaults:3: v_misc_15, v_misc_11, hangedman_vaults_impose,
          minmay_crypt_entry_simple_round, v_misc_3, vaults_dpeg_ring,
          v_misc_12, grunt_vaults_trifunnel, kennysheep_vaults_gozag_temple,
          hangedman_vaults_locks, nicolae_vaults_little_ls, v_misc_29,
          nicolae_vaults_specimen_jars, nicolae_vaults_theta, serial_shops,
          bzr_entry_islet, uniq_bai_suzhen
Vaults:4: ontoclasm_vaults_ring_large, v_rooms_5, hangedman_vaults_river_flow,
          nicolae_vaults_fighting_squares, nicolae_vaults_little_squares_2,
          vaults_dpeg_cross, vaults_room_mumra_shop_pool, hangedman_vaults_trim,
          v_misc_17, nicolae_vaults_three_branches,
          nicolae_vaults_mini_display_case, stair_cage_open, serial_shops,
          nicolae_shop_trees, nicolae_shop_behind_doors, nicolae_shop_crystal,
          nicolae_shop_temple_entry_statues_fountains, uniq_sojobo
Crypt:1:  basic_altar, st_stairs_1, minmay_misc_feat_rows,
          grunt_crypt_arrival_guarded_gate
Crypt:2:  hex_large, minivault_23, grunt_ministairs_4, minmay_misc_feat_hallway,
          uniq_wiglaf, uniq_jorgrun, uniq_jory
Crypt:3:  cryptofortress_bobbens, uniq_frederick, uniq_mara
Depths:1: enter_ziggurat_f, kennysheep_another_room, hell_entry,
          grunt_pan_entry_spiral, minivault_16, minmay_protected_statue
Depths:2: hangedman_crystal_crosses_colossus, serial_shops, hell_entry
Depths:3: minmay_guarded_unrand_sceptre_of_torment, pan_entry,
          hangedman_geh_valley, grunt_megastairs_2,
          minmay_staircase_statues_hall_small
Depths:4: grunt_crosshair, nicolae_trove_entry_path_of_doom, abyss_entry,
          hangedman_tar_grid_catacomb, uniq_mennas, uniq_boris
Depths:5: grunt_zot_entry_tricorne, rand_demon_pan_entry_7,
          minmay_misc_feat_doors, abyss_entry, hell_entry, serial_bayou_shore_a
Abyss:2:  hangedman_abyss_or_decor_passed
Abyss:3:  eino_small_chamber_without_monster, serial_sigils_hangedman_quiver,
          hangedman_steaming_rock, hangedman_abyss_river_spirits,
          evilmike_abyss_exit_2
Lab:      nicolae_lab_dead_adventurers
Bazaar:   bazaar_minmay_cross
Trove:    trove_garden
Bailey:   bailey_polearm_2, bailey

Skill      XL: |  1  2  3  4  5  6  7  8  9 10 11 12 13 14 15 16 17 18 19 20 21 22 23 24 25 26 27 |
---------------+----------------------------------------------------------------------------------+-----
Polearms       | 3 4 5 6 7 9 11 | 11.7
Invocations    | 2 3 6 7 10 | 10.8
Axes           | 2 3 6 9 12 14 15 16 17 18 19 22 | 22.0
Fighting       | 9 12 13 14 15 16 17 18 19 23 25 27 | 27.0
Armour         | 4 5 8 9 10 12 13 14 | 14.5
Dodging        | 4 5 6 11 | 11.0
Bows           | 4 11 14 15 17 19 20 21 25 | 25.9
Translocations | 2 5 7 10 | 10.0
Charms         | 3 6 7 |  7.0
Summonings     | 2 5 6 |  6.4
Air Magic      | 2 5 6 |  6.9
Spellcasting   | 2 4 |  4.0
Stealth        | 4 |  4.0

Action                   |  1- 3 |  4- 6 |  7- 9 | 10-12 | 13-15 | 16-18 | 19-21 | 22-24 | 25-27 || total
-------------------------+-------+-------+-------+-------+-------+-------+-------+-------+-------++-------
Melee: Spear             |   110 |   117 |    77 |       |       |       |       |       |       ||   304
       Kick              |    22 |    24 |    68 |   193 |   323 |   318 |   246 |   361 |   321 ||  1876
       Trident           |       |       |   280 |   413 |       |       |       |       |       ||   693
       Executioner's axe |       |       |       |   269 |  1047 |  1005 |   667 |  1025 |   787 ||  4800
       Longbow           |       |       |       |       |       |       |     1 |       |       ||     1
       Hand axe          |       |       |       |       |       |       |       |     7 |       ||     7
       Headbutt          |       |       |       |       |       |       |       |    73 |   171 ||   244
 Fire: Arbalest          |       |       |    51 |    19 |       |       |       |       |     7 ||    77
       Hunting sling     |       |       |    45 |       |       |       |       |       |       ||    45
       Shortbow          |       |       |       |     3 |    27 |       |       |       |       ||    30
       Longbow           |       |       |       |       |   197 |   638 |   999 |   749 |  2227 ||  4810
Throw: Javelin           |       |       |     4 |    15 |     2 |     2 |       |       |       ||    23
       Throwing net      |       |       |       |       |       |       |       |       |     1 ||     1
 Cast: Apportation       |       |       |       |       |       |       |     1 |     3 |       ||     4
       Summon Butterflie |       |       |       |       |       |       |       |     5 |     3 ||     8
       Blink             |       |       |       |       |       |       |       |       |     5 ||     5
Invok: Upheaval          |       |     1 |    17 |    31 |    27 |    26 |    24 |    27 |     5 ||   158
       Elemental Force   |       |       |       |       |     1 |     1 |       |       |       ||     2
       Disaster Area     |       |       |       |       |     1 |       |     2 |     6 |     6 ||    15
 Abil: Stop Flying       |       |       |       |       |       |       |     1 |       |     1 ||     2
       Evoke Flight      |       |       |       |       |       |       |     1 |       |     1 ||     2
Evoke: Wand              |       |       |     4 |     5 |     2 |    15 |     9 |     2 |    26 ||    63
       Fan of gales      |       |       |       |       |       |     3 |       |     1 |       ||     4
       Phantom mirror    |       |       |       |       |       |     1 |       |       |       ||     1
       Rod               |       |       |       |       |       |       |       |     1 |       ||     1
       Sack of spiders   |       |       |       |       |       |       |       |       |     1 ||     1
  Use: Scroll            |     1 |     4 |     9 |    11 |    14 |    17 |    26 |    21 |    43 ||   146
       Potion            |       |     4 |     2 |    10 |     8 |     9 |     6 |    17 |    21 ||    77
 Stab: Invisible         |       |     2 |       |       |       |       |       |       |     4 ||     6
       Paralysed         |       |       |       |     3 |       |       |       |       |       ||     3
       Distracted        |       |       |       |       |       |     2 |       |     1 |     2 ||     5
  Eat: Chunk             |     2 |     5 |    11 |    27 |    39 |    26 |     8 |     1 |     6 ||   125
       Pizza             |       |       |     2 |     4 |       |     2 |       |     1 |     2 ||    11
       Royal jelly       |       |       |       |     2 |       |     8 |     1 |       |     2 ||    13
       Meat ration       |       |       |       |       |       |       |     5 |     6 |     8 ||    19
       Beef jerky        |       |       |       |       |       |       |       |     3 |     3 ||     6
       Bread ration      |       |       |       |       |       |       |       |     1 |     4 ||     5
Armor: Robe              |    30 |    23 |    18 |       |       |       |       |       |       ||    71
       Skin              |       |       |    24 |       |       |       |       |       |       ||    24
       Ring mail         |       |       |    49 |   129 |       |       |       |       |       ||   178
       Troll leather arm |       |       |       |   109 |   481 |   824 |   341 |       |       ||  1755
       Chain mail        |       |       |       |       |       |       |   194 |   994 |  1070 ||  2258
       Fire dragon armou |       |       |       |       |       |       |       |       |    41 ||    41
Dodge: Dodged            |    24 |    25 |    57 |   192 |   578 |   625 |   344 |   308 |   517 ||  2670
       Deflected         |       |       |       |       |    54 |   140 |    60 |    42 |    64 ||   360
Block: Shield            |    16 |    30 |   100 |    90 |       |       |       |       |       ||   236
       Other             |       |       |       |    77 |   362 |   441 |   331 |   370 |   473 ||  2054
